Cogmind - Beta 17 @@@ ROGUE MODE // 2026.08.12 @ 01:37:15 Player: Ev Result: Destroyed by S-10 Pest with Light Assault Rifle Performance ------------- Evolutions (0) 0 Regions Visited (1) 200 Robots Destroyed (51) 255 Value Destroyed (1181) 1181 Prototype IDs (2) 40 Alien Tech Used (0) 0 Bonus (6000) 6000 TOTAL SCORE: 7676 Bonus ------- Prayed to X0-1V1 5000 Major X0-1V1 Interference 1000 Cogmind --------- Core Integrity 0/250 Matter 273/300 Energy 100/100 System Corruption 0% Temperature Cool (0) Movement Core (250) Ox4 Location -10/Materials Parts ------- > --- POWER (1) -------- (None) > --- PROPULSION (2) --- (None) > --- UTILITY (2) ------ Medium Storage Unit > --- WEAPON (2) ------- Heavy Assault Rifle > --- INVENTORY (10) --- Improved Heat Sink Large Battery (200) Medium Matter Pod (0) Weight Redist. System Sensor Array Improved Terrain Scanner Targeting Computer ECM Suite Field Recycling Unit (0) X0-1V1's Piety Tracker Peak State ------------ > --- POWER ------------ Light Nuclear Core > --- PROPULSION ------- Armored Wheel Armored Wheel > --- UTILITY ---------- Small Storage Unit Improved Terrain Scanner > --- WEAPON ----------- Particle Gun Assault Rifle > --- INVENTORY -------- Hover Unit Hover Unit Heat Sink Heat Sink Small Storage Unit Seismic Detector Light Assault Rifle Mining Laser [Rating: 14] Favorites ----------- Power Ion Engine Engine Ion Engine Power Core Light Nuclear Core Propulsion Armored Wheel Wheel Armored Wheel Hover Unit Hover Unit Utility Medium Storage Unit Device Improved Terrain Scanner Storage Medium Storage Unit Processor Signal Interpreter Protection Core Shielding Weapon Light Cannon Energy Gun Particle Gun Ballistic Gun Assault Rifle Ballistic Cannon Light Cannon Launcher Grenade Launcher Special Weapon Mining Laser Special Melee Weapon Datajack Build | -11 -10 ------- Run | Yrd Mat Slots Evolved . | . . Power . | . . Propulsion . | . . Utility . | . . Weapon . | . . Parts Attached 34 | 10 24 Power 4 | 1 3 Engine 2 | 1 1 Core 2 | . 2 Reactor . | . . Propulsion 11 | 5 6 Treads . | . . Leg . | . . Wheel 8 | 5 3 Hover 3 | . 3 Flight . | . . Utility 9 | 2 7 Device 5 | 1 4 Storage 2 | 1 1 Processor 1 | . 1 Hackware . | . . Protection 1 | . 1 Artifact . | . . Weapon 10 | 2 8 Energy Gun 2 | . 2 Energy Cannon . | . . Ballistic Gun 3 | 2 1 Ballistic Cannon 2 | . 2 Launcher 1 | . 1 Special Weapon 1 | . 1 Impact Weapon . | . . Slashing Weapon . | . . Piercing Weapon . | . . Special Melee Weapon 1 | . 1 Unidentified Prototypes . | . . Parts Lost 8 | . 8 Power 2 | . 2 Propulsion 2 | . 2 Utility 1 | . 1 Weapon 3 | . 3 Highest Loss Streak 4 | . 4 To Critical Strikes . | . . Average Backups 8 | 6 9 Power . | . . Propulsion 1 | 1 1 Utility 5 | 1 7 Weapon . | 1 . Tool/Special . | . . Unused Backups 18 | 1 17 Power 2 | . 2 Propulsion 2 | 1 1 Utility 12 | . 12 Weapon 1 | . 1 Tool/Special 1 | . 1 Average Slot Usage (%) 93 | . 93 Engine 6 | . 6 Core 5 | . 5 Wheel 18 | . 18 Hover 8 | . 8 Device 8 | . 8 Storage 14 | . 14 Processor 4 | . 4 Energy Gun 2 | . 2 Ballistic Gun 3 | . 3 Ballistic Cannon 13 | . 13 Launcher 4 | . 4 Peak Build Rating 14 | 9 14 Average Rating 9 | 8 10 On Entrance 4 | . 9 Avg Prop Armor Cover (%) . | . . Naked Turns . | . . Heaviest Build 23 | 14 23 Greatest Support 32 | 26 32 Greatest Overweight (x) 3 | 1 3 Average Overweight (x) . | . . Largest Inventory Capacity 10 | 8 10 Average Capacity 9 | 7 9 Most Carried 10 | 8 10 Average Carried 8 | 6 9 Final Capacity 10 | 8 10 Final Carried 10 | 7 10 Class Distribution -------------------- 75% | Mutant 24% | Scavenger-Mutant Dominant Class ---------------- Mutant | -10/Materials Resources | -11 -10 ----------- Run | Yrd Mat Matter Collected 1286 | 362 924 Remotely 182 | . 182 Salvage Created 1328 | 172 1156 Parts 103 | 18 85 Haulers Intercepted 2 | . 2 Recyclers Shooed . | . . Parts Field Recycled . | . . Retrieved Matter . | . . Parts Self-Destructed . | . . Prevented . | . . Parts Restored . | . . Kills | -11 -10 ------- Run | Yrd Mat Combat Hostiles Destroyed 29 | . 29 Guns 9 | . 9 Cannons 18 | . 18 AOE 2 | . 2 Classes Destroyed 9 | 2 7 Worker 4 | . 4 Tunneler 7 | 5 2 Hauler 2 | . 2 Recycler 2 | 1 1 Operator 4 | . 4 Watcher 3 | . 3 Swarmer 4 | . 4 Grunt 24 | . 24 Sentry 1 | . 1 Best Kill Streak 7 | 6 7 Combat Bots Only 5 | . 5 Max Kills in Single Turn 4 | 1 4 Gunslinging . | . . Exploded 2 | . 2 Melee . | . . Uniques/NPCs Destroyed . | . . Combat | -11 -10 -------- Run | Yrd Mat Hostile Shots Fired 130 | . 130 Missed 32 | . 32 Hits 98 | . 98 Projectile 98 | . 98 Critical Strikes 3 | . 3 Damage Taken 1153 | . 1153 Core 259 | . 259 Absorbed by Shields . | . . Redirected to Shielding 5 | . 5 Regen/Repaired (Parts) 35 | . 35 Core Remaining (%) 100 | 100 . Volleys Fired 147 | 13 134 Largest 2 | 2 2 Hottest 165 | 40 165 Shots Fired 213 | 26 187 Gun 99 | 26 73 Cannon 99 | . 99 Launcher 11 | . 11 Special 4 | . 4 Kinetic 182 | 26 156 Thermal 20 | . 20 Explosive 11 | . 11 Electromagnetic . | . . Robot Hit Streak 9 | 8 9 Robot Miss Streak 7 | 2 7 Penetration Max . | . . Secondary Targets 2 | . 2 Max Gunslinging Chain 1 | . 1 Shots Hit Robots 115 | 15 100 Core Hits 64 | 7 57 Critical Kills . | . . Critical Parts Destroyed . | . . Critical Strikes 2 | . 2 Blast 2 | . 2 Melee Attacks 2 | . 2 Impact . | . . Slashing . | . . Piercing . | . . Sneak Attacks . | . . Combat Hostiles . | . . Follow-up Attacks . | . . Damage Inflicted 2503 | 170 2333 Guns 617 | 170 447 Cannons 1094 | . 1094 Explosions 768 | . 768 Melee . | . . Ramming . | . . Kinetic 1576 | 170 1406 Thermal 696 | . 696 Explosive 231 | . 231 Electromagnetic . | . . Impact . | . . Slashing . | . . Piercing . | . . Highest Corruption . | . . Average Corruption . | . . Corruption Purged . | . . Corruption Blocked . | . . Overload Shots . | . . Overflow Damage 121 | . 121 Projectiles 14 | . 14 Explosions 107 | . 107 Melee . | . . Knockbacks 9 | . 9 Impact . | . . Kinetic 9 | . 9 Secondary . | . . Self-Inflicted Damage 97 | . 97 Shots 3 | . 3 Rammed . | . . Targets Rammed . | . . Kicked . | . . Crushed . | . . Highest Temperature 180 | . 180 Average Temperature 40 | . 40 Received Heat Transfer 417 | . 417 Siege Activations . | . . Martial Activations . | . . Shielding Activations . | . . Robots Disrupted . | . . Combat Hostiles . | . . Robots Corrupted . | . . Combat Hostiles . | . . Parts Fried . | . . Impact Corruptions . | . . Robots Melted . | . . Combat Hostiles . | . . Parts Melted . | . . Heat Transferred 733 | . 733 Parts Sabotaged . | . . Parts Stolen . | . . Parts Stripped . | . . Power Chain Reactions . | . . Alert | -11 -10 ------- Run | Yrd Mat Maximum Alert Level 1 | . 1 Low Security (%) 56 | 100 44 Level 1 43 | . 55 Level 2 . | . . Level 3 . | . . Level 4 . | . . Level 5 . | . . High Security . | . . Max Security . | . . Peak Influence 336 | 20 336 Initial . | . . Average 155 | . 198 Influence Increases 1105 | 30 1075 Destroy 0b10 Robot/C 580 | . 580 Destroy 0b10 Robot/NC 110 | 30 80 Destroy Leader 140 | . 140 Successful Hack 24 | . 24 Select Force Hacks 30 | . 30 Disable Machine 90 | . 90 Destroy Structure 116 | . 116 Lose Combat Pursuer 15 | . 15 Influence Decreases 847 | 30 817 Time Decay 617 | 30 587 Lost Part 80 | . 80 Purge Threat 150 | . 150 Squads Dispatched 9 | . 9 Investigation 5 | . 5 Extermination . | . . Reinforcement 4 | . 4 Assault . | . . Garrison . | . . Intercept . | . . Searches Triggered . | . . Construction Impeded . | . . Haulers Reinforced . | . . Active Scanning Responses . | . . Cargo Convoy Interrupts . | . . Stealth | -11 -10 --------- Run | Yrd Mat Distress Signals 1 | . 1 Communications Jammed . | . . Distress Signals . | . . Times Spotted 43 | . 43 Peak Tracking Total 5 | . 5 Tactical Retreats 1 | . 1 Traps | -11 -10 ------- Run | Yrd Mat Traps Triggered 1 | . 1 Indirectly . | . . Trap Hack Attempts . | . . Triggered . | . . Disarmed . | . . Reprogrammed . | . . Reused . | . . Traps Extracted . | . . Installed . | . . Triggered . | . . Machines | -11 -10 ---------- Run | Yrd Mat Machines Disabled 6 | . 6 Max in Single Turn 2 | . 2 Machines Repaired . | . . Machines Dismantled . | . . Machines Sabotaged . | . . Overloaded Fab Kills . | . . Hacking | -11 -10 --------- Run | Yrd Mat Machines Accessed 6 | . 6 Terminals 4 | . 4 Fabricators . | . . Repair Stations 1 | . 1 Recycling Units 1 | . 1 Scanalyzers . | . . Garrison Access . | . . Total Hacks 24 | . 24 Successful 15 | . 15 Failed 9 | . 9 Catastrophic . | . . Database Lockouts . | . . Manual 19 | . 19 Terminals 18 | . 18 Fabricators . | . . Repair Stations 3 | . 3 Recycling Units 3 | . 3 Scanalyzers . | . . Garrison Access . | . . Terminal Hacks 4 | . 4 Record 1 | . 1 Prototype ID Bank 1 | . 1 Alert Level 1 | . 1 Unreport Threat 1 | . 1 Fabricator Hacks . | . . Repair Station Hacks 2 | . 2 Scan Component 1 | . 1 Repair 1 | . 1 Recycling Unit Hacks 2 | . 2 Report Inventory 1 | . 1 Retrieve Components 1 | . 1 Scanalyzer . | . . Garrison Access Hacks . | . . Unauthorized Hacks 7 | . 7 Terminals 6 | . 6 Assimilate 1 | . 1 Botnet 4 | . 4 Operators 1 | . 1 Fabricators . | . . Repair Stations . | . . Recycling Units 1 | . 1 Tunnel 1 | . 1 Scanalyzers . | . . Garrison Access . | . . Data Cores Recovered . | . . Used . | . . Hacking Detections 5 | . 5 Full Trace Events 3 | . 3 Feedback Events . | . . Feedback Blocked . | . . Robot Schematics Acquired . | . . Robots Built . | . . Authchips . | . . Time . | . . Total Robot Build Rating . | . . Part Schematics Acquired . | . . Parts Built . | . . Authchips . | . . Time . | . . Total Part Build Rating . | . . Part Studies Acquired . | . . Parts Repaired 1 | . 1 Time 38 | . 38 Parts Recycled . | . . Recycled Matter . | . . Retrieved Matter . | . . Retrieved Components 3 | . 3 Parts Scanalyzed . | . . Part Schematics Acquired . | . . Parts Damaged . | . . Bothacking | -11 -10 ------------ Run | Yrd Mat Used RIF Installer . | . . Robots Hacked . | . . Non-combat . | . . Combat . | . . Robot Hacks Applied . | . . Relay Couplers Released . | . . Fabnet Peak Effective % . | . . Robots Rewired . | . . Allies Hacked . | . . Hacks Repelled . | . . Allies | -11 -10 -------- Run | Yrd Mat Total Allies . | . . Largest Group . | . . Highest-Rated Group . | . . Highest-Rated Ally . | . . Total Orders . | . . Ally Attacks . | . . Total Damage . | . . Kills . | . . Allies Corrupted . | . . Allies Melted . | . . X0-1V1 Amusement Gains 16 | . 16 Bad Acts 3 | . 3 Intel | -11 -10 ------- Run | Yrd Mat Active Infowar (turns) 1340 | 435 905 Terrain 1157 | 435 722 ECM 183 | . 183 Robot Analysis Total . | . . Derelict Logs Recovered . | . . Drone Launches . | . . Drone Recoveries . | . . Exploration | -11 -10 ------------- Run | Yrd Mat Turns Passed 2564 | 558 2006 Spaces Moved 1391 | 89 1302 Core 10 | 10 . Treads . | . . Legs . | . . Wheels 1016 | 79 937 Hover 365 | . 365 Flight . | . . Fastest Speed 50 | 50 80 Average Speed 100 | 82 101 Slowest Speed 240 | 100 240 Overloaded Moves . | . . Propulsion Burnouts . | . . Robots Hopped . | . . Potential Cave-ins . | . . Cave-ins Triggered . | . . Exploration Rate (%) 51 | 4 98 Regions Visited 1 Branch Regions . Pre-discovered Areas 1 | . 1 Known Exits Taken . | . . Unknown Exits Taken 1 | 1 . Scrap Searched . | . . Spaces Dug . | . . Terrain Destroyed 121 | . 121 Melee . | . . Projectile 1 | . 1 AOE 120 | . 120 Terrain Rammed . | . . Walls Destroyed . | . . Machines Disabled . | . . Actions | -11 -10 --------- Run | Yrd Mat Total 2345 | 548 1797 Wait 687 | 418 269 Move 1390 | 88 1302 Hop . | . . Pick Up 40 | 16 24 Fast Attach 10 | . 10 Attach 9 | 7 2 Detach 1 | . 1 Swap 27 | 4 23 Drop 32 | 2 30 Fire 147 | 13 134 Melee 2 | . 2 Ram . | . . Kick . | . . Crush . | . . Escape Stasis . | . . Rewire . | . . Trap . | . . Miscellaneous . | . . Route ------- -11/Scrapyard -10/Materials (discovered 6 exits: *Mat x3 / [*Min x2] / [*Sub]) History --------- Turn | Location | Event 25 | -11/Scrapyard | Discovered new exit (range 15) 559 | -11/Scrapyard | Entered Materials 560 | -10/Materials | Build established: Mutant 1036 | -10/Materials | Discovered new exit (range 10) 1059 | -10/Materials | Identified exit to Materials 1110 | -10/Materials | Repaired Lgt. Nuclear Core 1202 | -10/Materials | Discovered exit to Materials (range 7) 1358 | -10/Materials | Discovered new exit (range 14) 1538 | -10/Materials | Discovered exit to Materials (range 16) 1885 | -10/Materials | Discovered new exit (range 14) 2192 | -10/Materials | Build established: Scavenger-Mutant 2226 | -10/Materials | Discovered new exit (range 3) 2292 | -10/Materials | Prayed at D.C.S.S. Altar Unit 2414 | -10/Materials | X0-1V1 announced a LAN party 2427 | -10/Materials | Core integrity fell below 50% 2536 | -10/Materials | X0-1V1 sent hostile S-10 Pest (x5) 2550 | -10/Materials | Core integrity fell below 20% 2565 | -10/Materials | Destroyed by S-10 Pest with Light Assault Rifle Last Messages --------------- 02427_ Acquired 4 matter. 02429_ Acquired 2 matter. 02434_ Y-45 Defender destroyed. 02435_ Acquired 39 matter. 02435_ Acquired 2 matter. 02441_ Acquired Hvy. Assault Rifle. 02460_ Acquired 6 matter. 02506_ Acquired 7 matter. 02523_ Acquired 14 matter. 02536_ X0-1V1: "Some new friends to play with." S-10 Pest form resolidifies at new position. 02538_ S-10 Pest destroyed. 02540_ Lgt. Cannon destroyed. 02540_ Hover Unit destroyed. 02545_ S-10 Pest destroyed. 02546_ Tractor Beam destroyed. 02547_ S-10 Pest destroyed. 02554_ Ion Engine destroyed. 02565_ X0-1V1 cackles wildly! Map ----- +----------------------------------------------------+ | ???#??????????????????????????????????????????? | | ??#??#????????????????????????????????????????? | | ##????????????????????????????????????????????? | | ?????##???????????????????????????????????????? | | ??????????????????????????????????????????????? | | ??????????#???????????????????????????????????? | | ??????????????????????????????????????????????? | | ??#??????###########??????????????#####???????? | | #????????# #?????????????##"""##??????? | | ?#???????# """ #????????????##"|||"##?????? | | ########## """""#????????????#"" ""#?????? | | # # """""#????????????# #?????? | | [ # < # """""#????????????# < #?????? | | # # """ #????????????# #?????? | | + + #????????????# #?????? | | # # #?????????????# #??????? | | # ###########??????######### #######?? | | # #???#?????#??????# % # # #? | | # #???#????????????# "T" ! + + #? | | ###### #????????????????# # # #? | | # ########?????????######### # #? | | """ # ##################???????# #? #? | | """ # ################### #? #? | | """ + [ =#??###### | | # = #### *! # | | %# =%* @ !* =[+ *! # | | # [*= ####+###+### # # | | ###### s%= # #?#%# # | | [ # s # #?#[# # | | # #= [ #?#=# "" # | | + ! # #?#=# "T # | | """ # * [# ! ! #?#!# "" # | | """ # ################# #% !! #?# # # | | """ # #?# + % # |#?# ###### | | """ # #?# # # #?# #????? | | # ### # # #?# #????? | | ###### #?# # ##########?# #????? | | ###### #?# # #??????????# #????? | | #?# #k ############ #????? | | #?########+###### ## ## #????? | | ######?#?# #???##% ## """ + #####? | | ########## #?#?# = # """ # ==#? | | ## ##### #???# ""[[# """ # ==#? | | ##??# T ! + + !!#? | | +######### ##### ##??# % = # =""## !#? | | ! ###### ###### ##??# !# =Y"## ! !#? | | #??# # ###?## ##??## ! ## * ""## !!!#? | | #??# # ##?### ##???# ## ## #####? | | """ #??# # ##?### ##???# ############ #????? | | """ ######+###### ###??# #?????????? !#????? | +----------------------------------------------------+ Best States ------------- Heat Dissipation 25 Energy Generation 14 Energy Capacity 250 Matter Stores 300 Matter Capacity 300 Sight Range 16 Terrain Scan Range 16 Terrain Scan Density 10 ECM Strength 1 Core Shielding 20 Evasion (%) 44 Item Schematics ----------------- None Robot Schematics ------------------ None Fabricated ------------ Nothing Repaired ---------- Lgt. Nuclear Core | 30% | -10/Materials Studied --------- None Alien Tech Used ----------------- None Achievements -------------- None Challenges ------------ None Game ------ Seed FlakDirtyNukerbomber Manual? 0 Play Time 00:28:24 Cumulative 80.0 hours Start 2026.08.12 @ 01:10:06 End 2026.08.12 @ 01:37:15 Sessions 3 Manual Loads 0 Difficulty Rogue Special Mode None Game No. 139 Rogue 139 Adventurer 0 Explorer 0 Win Type - Total 0 Types 0/0/0/0/0/0/0/0/0/0 Lore% 27 Gallery% 34 Achievement% 28 Wizard Run 0 Options --------- Layout 1 ASCII 0 Keyboard 0 Movement Mouse Keybinds 0 Fullscreen 1 Font 24/Smallcaps Map View 50x35 Zoom Use 0% Tactical HUD 1 Map Filters NONE Filters NONE Steam 1 RUN: 22220081-2819-4f86-8114-0746bbecaa07